 Dungeon Sprint DCSS version 0.24.1 (webtiles) character file.

Game seed: 8073983216353435151, levelgen mode: deterministic

16983419 Findor the Demonic Barricade (level 21, 164/214 HPs)
             Began as a Demonspawn Gladiator on Mar 25, 2020.
             Was an Initiate of Gozag.
             Escaped with the Orb
             ... and 5 runes!
             The game lasted 01:04:55 (9572 turns).

Findor the Demonic Barricade (Demonspawn Gladiator) Turns: 9572, Time: 01:04:56

Health: 164/214    AC: 50    Str: 26    XL:     21   Next: 7%
Magic:  38/38      EV: 25    Int: 16    God:    Gozag
Gold:   12499      SH: 21    Dex: 22    Spells: 20/20 levels left

rFire    + + +     SeeInvis +   a - +2 morningstar (vamp) {!w}
rCold    + . .     Gourm    +   j - +1 shield {reflect}
rNeg     + + .     Faith    .   q - +12 gold dragon scales
rPois    +         Spirit   .   I - +0 helmet "Woad" {rCorr Str-3 SInv}
rElec    .         Reflect  +   L - +2 cloak {MR+}
rCorr    +         Harm     .   c - +0 pair of gloves {archery}
MR       ++...     NoTele   +   (boots unavailable)
Stlth    +.........             A - amulet of Kindness {Gourm Int+6 SInv Stlth+}
HPRegen  0.45/turn              t - ring of Qitiwar {Fire *Contam Str+7 Dex+5}
MPRegen  0.26/turn              H - ring of Miru {+Fly rN++ Slay+3}

@: gold aura
A: claws 1, hooves 3, rugged brown scales 2, cold resistance 1, fire resistance
1, powered by death 3, shaggy fur 1, spiny 2, augmentation 2
0: Orb of Zot
}: 5/17 runes: decaying, serpentine, barnacled, silver, gossamer
a: Potion Petition, Call Merchant, Bribe Branch, Renounce Religion, Evoke Flight


You escaped.
You worshipped Gozag.
Gozag was extremely pleased with you.
You were very full.

You visited 1 branch You collected 49943 gold pieces.
You spent 7693 gold pieces at shops.
You paid 29751 gold pieces to Gozag.


Innate Abilities, Weirdness & Mutations

You have hooves in place of feet.
You are mostly covered in rugged brown scales. (AC +2, +5% HP)
You regenerate a lot of health from kills.
You are mostly covered in sharp spines.
Your magical and physical power is enhanced at high health.
You have sharp fingernails.
Your flesh is cold resistant. (rC+)
Your flesh is heat resistant. (rF+)
You are covered in fur. (AC +1)


   Skills:
 O Level 27 Fighting
 O Level 27 Maces & Flails
 - Level 1.7 Throwing
 O Level 27 Armour
 O Level 27 Dodging
 + Level 25.9 Stealth
 O Level 27 Shields
 O Level 27 Evocations


You had 20 spell levels left.
You didn't know any spells.
Your spell library contained the following spells:

 Spells                   Type           Power        Failure   Level  Hunger
 Leda's Liquefaction      Hex/Erth       #.........   100%        4    #####..
 Lee's Rapid Deconstruct  Erth           #.........   100%        5    ######.
 Venom Bolt               Conj/Pois      #.........   100%        5    ######.
 Iron Shot                Conj/Erth      #.........   100%        6    #######

Inventory:

Hand Weapons
 a - a +2 vampiric morningstar (weapon) {!w}
   (You bought it in a shop in the Dungeon)
 b - a +9 demon whip of flaming
   (You took it off Mara in the Dungeon)
 N - the +3 morningstar of Temperance {chaos, Fragile rPois rN+}
   (You bought it in a shop in the Dungeon)

   Each time it hits an enemy it has a different, random effect.
   It protects you from poison.
   It protects you from negative energy.
   It will be destroyed if unequipped.
Missiles
 o - 4 throwing nets (quivered) {!f}
 D - 3 curare-tipped darts
Armour
 c - a +0 pair of gloves of archery (worn)
   (You found it in the Dungeon)
 j - a +1 shield of reflection (worn)
   (You took it off Donald in the Dungeon)
 q - +12 gold dragon scales (worn)
   (You bought it in a shop in the Dungeon)
 I - the +0 helmet "Woad" (worn) {rCorr Str-3 SInv}
   (You bought it in a shop in the Dungeon)

   It affects your strength (-3).
   It lets you see invisible.
   It provides partial protection from all sources of acid and corrosion.
 L - a +2 cloak of magic resistance (worn)
   (You bought it in a shop in the Dungeon)
Jewellery
 p - a +4 ring of protection
   (You found it in the Dungeon)
 t - the ring of Qitiwar (left hand) {Fire *Contam Str+7 Dex+5}
   (You found it in the Dungeon)

   [ring of fire]

   It enhances your fire magic.
   It affects your strength (+7).
   It affects your dexterity (+5).
   It protects you from fire.
   It makes you vulnerable to cold.
   It causes magical contamination when unequipped.
 v - the amulet "Viwkix" {Faith Int+3}
   (You found it in the Dungeon)

   [amulet of faith]

   It allows you to gain divine favour quickly.
   It affects your intelligence (+3).
 A - the amulet of Kindness (around neck) {Gourm Int+6 SInv Stlth+}
   (You found it in the Dungeon)

   [amulet of the gourmand]

   It allows you to eat raw meat even when not hungry.
   It affects your intelligence (+6).
   It lets you see invisible.
   It makes you more stealthy.
 C - the ring of the Jester {*Corrode rElec rPois Slay+5}
   (You found it in the Dungeon)

   [ring of poison resistance]

   It affects your accuracy and damage with ranged weapons and melee attacks
   (+5).
   It insulates you from electricity.
   It protects you from poison.
   It may corrode you when you take damage.
 E - an uncursed ring of protection from cold
   (You found it in the Dungeon)
 H - the ring of Miru (right hand) {+Fly rN++ Slay+3}
   (You found it in the Dungeon)

   [ring of flight]

   It affects your accuracy and damage with ranged weapons and melee attacks
   (+3).
   It greatly protects you from negative energy.
   It lets you fly.
Wands
 d - a wand of iceblast (7)
   (You found it in the Dungeon)
 x - a wand of acid (18)
   (You bought it in a shop in the Dungeon)
Scrolls
 k - 5 scrolls of blinking
 m - 6 scrolls of remove curse {@r2}
 n - 2 scrolls of amnesia
 s - a scroll of summoning
 y - 4 scrolls of fog
 z - a scroll of magic mapping
 M - 3 scrolls of fear
Potions
 e - 10 potions of curing {@q1}
 g - a potion of might
 h - 3 potions of brilliance
 i - 4 potions of magic
 l - 7 potions of haste {@q3}
 B - a potion of lignification {!q}
 J - a potion of mutation {!q}
 K - 2 potions of agility
Miscellaneous
 r - a lightning rod (4/4) {!a}
   (You bought it in a shop in the Dungeon)
 u - a fan of gales
   (You found it in the Dungeon)
Comestibles
 f - 3 rations


Message History

You skewer the monstrous demonspawn like a kebab!!!
You kick the monstrous demonspawn.
You kill the monstrous demonspawn!
You now have 12319 gold pieces (gained 36).
There is a bloodstained altar of Trog, spattered with blood here.
You see here a +0 scale mail.
Your extra speed is starting to run out.
There is a shimmering blue altar of Sif Muna here.
(D) Dungeon
Where to? (Enter - D @ (x,y), ? - help)
There is a sacrificial altar of Ru here.
There is a stormy altar of Qazlal here.
There is an iron altar of Okawaru here.
There is a sparkling altar of Nemelex Xobeh here.
There is a burning altar of Makhleb here.
You feel yourself slow down.
There is a corrupted altar of Lugonu here.
There is an ancient bone altar of Kikubaaqudgha here.
(D) Dungeon
Where to? (Enter - D @ (x,y), ? - help)
There is a viscous altar of Jiyva here.
There is a hazy altar of Hepliaklqana here.
There is an opulent altar of Gozag here.
There is a blossoming altar of Fedhas here.
There is a white marble altar of Elyvilon here.
There is a shadowy altar of Dithmenos here.
You start to feel less resistant.
There is a snail-covered altar of Cheibriados here.
There is a roughly hewn altar of Beogh here.
There is an open door to the Temple here.
A hell beast comes into view.
The hell beast gives a loud, deep croak!
You hammer the hell beast like a gong!!!
You kick the hell beast!!
Your resistance to elements expires.
You block the hell beast's attack. x2
Your gold dragon scales prevents you from hitting the hell beast.
Your kick misses the hell beast. The hell beast barely misses you.
You block the hell beast's attack.
You impale the hell beast!!
You kill the hell beast!
You now have 12499 gold pieces (gained 180).
(D) Dungeon
Where to? (Enter - D @ (x,y), ? - help)
There is an open door, spattered with blood here.
You feel a little less mighty now.
Your magical contamination has completely faded away.
There is an open door to the Dungeon here.
There is a staircase leading out of the dungeon here.
You have escaped!

▓▓▓▓▓▓▓▓▓▓▓▓▓▓▓▓▓▓
▓@...'.....'.....'
▓▓▓▓▓▓▓▓▓▓▓▓▓▓▓▓▓▓
▓..$..............
▓.▓▓▓▓▓▓▓▓▓▓▓▓▓▓▓▓
▓.......'.........
▓▓▓▓▓▓▓▓▓▓▓▓▓▓▓▓▓▓
▓.................
▓.▓▓▓▓▓▓▓▓▓▓▓▓▓▓▓▓
▓.......[.....)[[.


There were no monsters in sight!

Vanquished Creatures
  3 seraphim (D)
  Mara (D)
  Mennas (D)
  2 pandemonium lords (D)
  2 orbs of fire (D)
  2 ancient liches (D)
  Boris (D)
  Frederick (D)
  2 Killer Klowns (D)
  Xtahua (D)
  Margery (D)
  2 curse toes (D)
  Nikola (D)
  5 golden dragons (D)
  Jory (D)
  A Tzitzimitl (D)
  3 electric golems (D)
  A Hell Sentinel (D)
  5 tentacled monstrosities (D)
  32 Orb Guardians (D)
  2 liches (D)
  A quicksilver dragon (D)
  2 sphinxes (D)
  3 storm dragons (D)
  A tengu reaver (D)
  8 shadow dragons (D)
  Ilsuiw (D)
  4 nagarajas (D)
  2 fire giants (D)
  Donald (D)
  2 daevas (D)
  A frost giant (D)
  2 draconian monks (D)
  3 ghost moths (D)
  A vault warden (D)
  A draconian knight (D)
  2 draconian scorchers (D)
  A draconian shifter (D)
  A blood saint (D)
  2 draconian stormcallers (D)
  7 emperor scorpions (D)
  3 angels (D)
  2 ironheart preservers (D)
  3 draconian annihilators (D)
  2 very ugly things (D)
  4 stone giants (D)
  A reaper (D)
  A vampire knight (D)
  3 green draconians (D)
  A black sun (D)
  An entropy weaver (D)
  3 yellow draconians (D)
  3 lorocyprocas (D)
  3 white draconians (D)
  4 red draconians (D)
  A spark wasp (D)
  Snorg (D)
  4 merfolk javelineers (D)
  3 purple draconians (D)
  2 blizzard demons (D)
  2 ettins (D)
  6 fire dragons (D)
  5 merfolk impalers (D)
  3 yaktaur captains (D)
  25 vault guards (D)
  5 naga warriors (D)
  4 ice dragons (D)
  2 hell beasts (D)
  6 hydras (D)
  2 merfolk avatars (D)
  A monstrous demonspawn (D)
  A catoblepas (D)
  2 centaur warriors (D)
  2 merfolk aquamancers (D)
  3 tengu warriors (D)
  6 ogre magi (D)
  A deep troll shaman (D)
  A deep troll earth mage (D)
  5 death yaks (D)
  2 orc high priests (D)
  A shock serpent (D)
  A sun demon (D)
  2 vampire magi (D)
  A spriggan berserker (D)
  A naga sharpshooter (D)
  Sonja (D)
  2 soul eaters (D)
  A sixfirhy (D)
  5 hell knights (D)
  2 iron trolls (D)
  2 cherubim (D)
  A deep troll (shapeshifter) (D)
  2 sea snakes (D)
  6 deep trolls (D)
  A large abomination (D)
  A deep elf archer (D)
  A glowing orange brain (D)
  A flayed ghost (D)
  2 ironbrand convokers (D)
  An unseen horror (D)
  8 swamp dragons (D)
  3 wizards (D)
  An orc knight (D)
  4 necromancers (D)
  A manticore (D)
  An orc sorcerer (D)
  3 wolf spiders (D)
  3 ugly things (D)
  11 moths of wrath (D)
  4 vault sentinels (D)
  3 black mambas (D)
  A toenail golem (D)
  5 naga magi (D)
  A guardian serpent (shapeshifter) (D)
  2 rust devils (D)
  A guardian serpent (D)
  4 orange demons (D)
  5 smoke demons (D)
  4 spiny frogs (D)
  A yaktaur (D)
  2 tormentors (D)
  A guardian mummy (D)
  A komodo dragon (D)
  4 freezing wraiths (D)
  A red devil (D)
  6 hellwings (D)
  3 demonic crawlers (D)
  An ice devil (D)
  4 jumping spiders (D)
  4 trolls (D)
  A troll (shapeshifter) (D)
  A tyrant leech (D)
  4 merfolk (D)
  A blink frog (shapeshifter) (D)
  2 slime creatures (D)
  4 hippogriffs (D)
  A bog body (D)
  A snapping turtle (D)
  2 tarantellas (D)
  A basilisk (shapeshifter) (D)
  4 ynoxinuls (D)
  A hungry ghost (D)
  2 golden eyes (D)
  4 yaks (D)
  A basilisk (D)
  2 vampire mosquitoes (D)
  A neqoxec (D)
  2 nagas (D)
  An acid dragon (D)
  A water moccasin (D)
  2 porcupines (D)
  4 swamp drakes (D)
  9 orc warriors (D)
  A centaur (D)
  A small abomination (D)
  3 crocodiles (D)
  4 bullfrogs (D)
  A hound (D)
  2 orc priests (D)
  6 orc wizards (D)
  2 adders (D)
  2 oozes (D)
  An adder zombie (D)
  An adder skeleton (D)
  An adder simulacrum (D)
  7 orcs (D)
  A ball python (D)
  A goblin (D)
  A leopard gecko skeleton (D)
  A quokka zombie (D)
  A rat (D)
462 creatures vanquished.

Vanquished Creatures (others)
  Nessos (D)
  A naga sharpshooter (D)
  A deep elf archer (D)
  A blink frog (D)
4 creatures vanquished.

Grand Total: 466 creatures vanquished

Notes
Turn   | Place    | Note
-------+----------+-------------------------------------------
     0 | D        | Findor the Demonspawn Gladiator began the quest for the
                  | Orb.
     0 | D        | Reached XP level 1. HP: 16/16 MP: 1/1
     8 | D        | Reached skill level 3 in Maces & Flails
    17 | D        | Gained mutation: You regenerate a little health from kills.
                  | [demonic ancestry]
    17 | D        | Reached XP level 2. HP: 17/22 MP: 2/2
    90 | D        | Reached skill level 6 in Maces & Flails
    90 | D        | Gained mutation: You are partially covered in rugged brown
                  | scales. (AC +1, +3% HP) [demonic ancestry]
    90 | D        | Reached XP level 3. HP: 27/27 MP: 3/3
   240 | D        | Found a roughly hewn altar of Beogh.
   240 | D        | Found a snail-covered altar of Cheibriados.
   240 | D        | Found a shadowy altar of Dithmenos.
   240 | D        | Found a white marble altar of Elyvilon.
   240 | D        | Found a blossoming altar of Fedhas.
   240 | D        | Found an opulent altar of Gozag.
   241 | D        | Found a hazy altar of Hepliaklqana.
   242 | D        | Found a viscous altar of Jiyva.
   243 | D        | Found an ancient bone altar of Kikubaaqudgha.
   244 | D        | Found a corrupted altar of Lugonu.
   245 | D        | Found a burning altar of Makhleb.
   246 | D        | Found a sparkling altar of Nemelex Xobeh.
   247 | D        | Found an iron altar of Okawaru.
   248 | D        | Became a worshipper of Gozag Ym Sagoz the Greedy
   249 | D        | Found a stormy altar of Qazlal.
   250 | D        | Found a sacrificial altar of Ru.
   251 | D        | Found a shimmering blue altar of Sif Muna.
   252 | D        | Found a bloodstained altar of Trog.
   253 | D        | Found a hide-covered altar of Uskayaw.
   254 | D        | Found a radiant altar of Vehumet.
   255 | D        | Found an ornate altar of the Wu Jian Council.
   256 | D        | Found a shimmering altar of Xom.
   257 | D        | Found a basalt altar of Yredelemnul.
   258 | D        | Found a glowing silver altar of Zin.
   259 | D        | Found a glowing golden altar of the Shining One.
   304 | D        | Noticed a troll
   304 | D        | Noticed a bullfrog
   304 | D        | Noticed a bullfrog
   304 | D        | Noticed a crocodile
   307 | D        | HP: 5/27 [troll (7)]
   312 | D        | Killed a troll
   312 | D        | Gained mutation: You regenerate health from kills. [demonic
                  | ancestry]
   312 | D        | Reached XP level 4. HP: 16/33 MP: 4/4
   312 | D        | Gained mutation: You have large cloven feet. [demonic
                  | ancestry]
   312 | D        | Reached XP level 5. HP: 19/39 MP: 5/5
   312 | D        | Gained mutation: You are mostly covered in rugged brown
                  | scales. (AC +2, +5% HP) [demonic ancestry]
   312 | D        | Reached XP level 6. HP: 19/46 MP: 6/6
   315 | D        | Reached skill level 12 in Maces & Flails
   341 | D        | Noticed an orc warrior
   341 | D        | Noticed a guardian serpent
   341 | D        | Noticed a six-headed hydra
   348 | D        | Reached XP level 7. HP: 52/52 MP: 7/7
   359 | D        | Killed a guardian serpent
   359 | D        | Reached skill level 15 in Maces & Flails
   366 | D        | Killed a six-headed hydra
   366 | D        | Gained mutation: You are partially covered in sharp spines.
                  | [demonic ancestry]
   366 | D        | Reached XP level 8. HP: 25/58 MP: 8/8
   495 | D        | Noticed a hippogriff
   495 | D        | Noticed a spiny frog
   495 | D        | Noticed a spiny frog
   495 | D        | Noticed a hippogriff
   499 | D        | Killed a hippogriff
   499 | D        | Noticed a komodo dragon
   501 | D        | Killed a spiny frog
   501 | D        | Reached XP level 9. HP: 60/64 MP: 9/9
   508 | D        | Killed a spiny frog
   508 | D        | Reached skill level 18 in Maces & Flails
   512 | D        | Reached skill level 3 in Fighting
   512 | D        | Reached skill level 1 in Armour
   512 | D        | Reached skill level 3 in Dodging
   523 | D        | Killed a komodo dragon
   523 | D        | Reached skill level 3 in Armour
   557 | D        | Noticed a black mamba
   557 | D        | Noticed a spiny frog
   566 | D        | Noticed a spiny frog
   579 | D        | Killed a black mamba
   579 | D        | Reached skill level 6 in Fighting
   579 | D        | Reached skill level 6 in Dodging
   579 | D        | Reached XP level 10. HP: 61/79 MP: 10/10
   586 | D        | Killed a spiny frog
   587 | D        | Reached skill level 6 in Armour
   590 | D        | Killed a spiny frog
   618 | D        | Noticed a death yak
   618 | D        | Noticed a catoblepas
   618 | D        | Noticed a death yak
   618 | D        | Noticed a death yak
   623 | D        | Noticed a death yak
   635 | D        | Noticed a death yak
   638 | D        | Killed a death yak
   641 | D        | Killed a catoblepas
   659 | D        | Killed a death yak
   659 | D        | Reached skill level 9 in Fighting
   661 | D        | Killed a death yak
   661 | D        | Reached skill level 9 in Dodging
   663 | D        | Killed a death yak
   663 | D        | Reached skill level 9 in Armour
   663 | D        | Gained mutation: You have hoof-like feet. [demonic
                  | ancestry]
   663 | D        | Reached XP level 11. HP: 69/94 MP: 11/11
   669 | D        | Killed a death yak
   905 | D        | Noticed an orc high priest
   905 | D        | Noticed an orc high priest
   905 | D        | Noticed an ettin
   910 | D        | Killed an orc high priest
   917 | D        | Noticed an orc sorcerer
   921 | D        | Killed an orc high priest
   927 | D        | Noticed a soul eater
   930 | D        | Killed an ettin
   980 | D        | Killed an orc sorcerer
   980 | D        | Reached skill level 12 in Fighting
  1042 | D        | Found Hoabuc's Magic Scroll Emporium.
  1042 | D        | Noticed a deep troll
  1042 | D        | Noticed a deep troll
  1042 | D        | Noticed a deep troll
  1042 | D        | Noticed an iron troll
  1042 | D        | Noticed a deep troll
  1047 | D        | Killed a deep troll
  1048 | D        | Noticed an iron troll
  1055 | D        | Killed a deep troll
  1056 | D        | Found Toajolabb's Armour Shoppe.
  1061 | D        | Noticed an ettin
  1066 | D        | Killed an iron troll
  1069 | D        | Killed a deep troll
  1069 | D        | Reached skill level 12 in Dodging
  1071 | D        | Found Elyugyb's Gadget Emporium.
  1075 | D        | Killed a deep troll
  1083 | D        | Killed an iron troll
  1083 | D        | Reached skill level 12 in Armour
  1084 | D        | Found Daijugod's Weapon Shoppe.
  1087 | D        | Gained mutation: You have hooves in place of feet. [demonic
                  | ancestry]
  1087 | D        | Reached XP level 12. HP: 64/110 MP: 12/12
  1094 | D        | Killed an ettin
  1099 | D        | Noticed an ogre mage
  1108 | D        | Killed an ogre mage
  1165 | D        | Bought a scroll of identify for 28 gold pieces
  1165 | D        | Bought a scroll of fog for 28 gold pieces
  1165 | D        | Bought a scroll of enchant armour for 105 gold pieces
  1165 | D        | Bought a scroll of enchant weapon for 105 gold pieces
  1165 | D        | Bought a scroll of identify for 28 gold pieces
  1165 | D        | Bought a scroll of identify for 28 gold pieces
  1165 | D        | Bought a scroll of identify for 28 gold pieces
  1165 | D        | Bought a scroll of magic mapping for 49 gold pieces
  1165 | D        | Bought a scroll of magic mapping for 49 gold pieces
  1165 | D        | Bought a scroll of enchant weapon for 105 gold pieces
  1165 | D        | Bought a scroll of identify for 28 gold pieces
  1167 | D        | Bought the +4 scale mail of Ginniwna {+Inv rF+} for 495
                  | gold pieces
  1167 | D        | Bought a +0 shield for 49 gold pieces
  1182 | D        | Bought a lightning rod (4/4) for 560 gold pieces
  1235 | D        | Noticed Sonja
  1242 | D        | Killed Sonja
  1538 | D        | Reached skill level 1 in Shields
  1538 | D        | Noticed an ogre mage
  1539 | D        | Noticed a vampire mage
  1549 | D        | Noticed an ogre mage
  1553 | D        | Noticed a vampire mage
  1554 | D        | Reached skill level 3 in Shields
  1555 | D        | Noticed a deep troll earth mage
  1564 | D        | Killed an ogre mage
  1565 | D        | Noticed an ogre mage
  1571 | D        | Killed a vampire mage
  1572 | D        | Noticed a tengu reaver
  1580 | D        | Killed a vampire mage
  1585 | D        | Killed a deep troll earth mage
  1589 | D        | Killed an ogre mage
  1589 | D        | Reached skill level 6 in Shields
  1611 | D        | Killed a tengu reaver
  1615 | D        | Killed an ogre mage
  1615 | D        | Reached skill level 15 in Fighting
  1924 | D        | Noticed Snorg
  1935 | D        | Killed Snorg
  1935 | D        | Reached XP level 13. HP: 118/120 MP: 13/13
  1969 | D        | Noticed Donald
  1993 | D        | Killed Donald
  2052 | D        | Reached skill level 9 in Shields
  2093 | D        | Noticed an entropy weaver
  2093 | D        | Noticed a spark wasp
  2103 | D        | Killed an entropy weaver
  2141 | D        | Killed a spark wasp
  2143 | D        | Killed a ghost moth
  2245 | D        | Noticed a merfolk impaler
  2246 | D        | Noticed a merfolk impaler
  2254 | D        | Killed a merfolk impaler
  2267 | D        | Reached skill level 15 in Dodging
  2303 | D        | Killed a merfolk impaler
  2319 | D        | Reached skill level 15 in Armour
  2375 | D        | Reached skill level 12 in Shields
  2429 | D        | Bought a fine morningstar for 216 gold pieces
  2429 | D        | Identified the +3 morningstar of Temperance {chaos, Fragile
                  | rPois rN+} (You bought it in a shop in the Dungeon)
  2591 | D        | Bought a glowing morningstar for 245 gold pieces
  2632 | D        | Noticed Nessos
  2650 | D        | Killed Nessos
  2874 | D        | Noticed a fire giant
  2874 | D        | Noticed a brown very ugly thing
  2874 | D        | Noticed a frost giant
  2880 | D        | Killed a fire giant
  2881 | D        | Noticed a fire dragon
  2887 | D        | Killed a brown very ugly thing
  2895 | D        | Killed a frost giant
  2895 | D        | Gained mutation: Your magical and physical power is
                  | slightly enhanced at high health. [demonic ancestry]
  2895 | D        | Reached XP level 14. HP: 132/132 MP: 14/14
  2901 | D        | Noticed a tentacled monstrosity
  2919 | D        | Killed a tentacled monstrosity
  2954 | D        | Noticed a purple very ugly thing
  2958 | D        | Noticed a stone giant
  2962 | D        | Reached skill level 15 in Shields
  2970 | D        | Killed a purple very ugly thing
  2980 | D        | Killed a stone giant
  3034 | D        | Reached skill level 1 in Evocations
  3058 | D        | Reached skill level 3 in Evocations
  3058 | D        | Noticed a sphinx
  3068 | D        | Noticed a fire giant
  3079 | D        | Reached skill level 18 in Fighting
  3084 | D        | Killed a fire giant
  3096 | D        | Killed a sphinx
  3101 | D        | Noticed an ironheart preserver
  3120 | D        | Reached skill level 6 in Evocations
  3133 | D        | Killed an ironheart preserver
  3135 | D        | Noticed a vault warden
  3166 | D        | Killed a vault warden
  3235 | D        | Noticed Jory
  3262 | D        | Killed Jory
  3570 | D        | Got the +2 chain mail of Pandemonium {rF- rC++}
  3626 | D        | Bought a scroll of enchant armour for 157 gold pieces
  3626 | D        | Bought a scroll labeled JOHATADGHIN for 21 gold pieces
  3626 | D        | Bought an ivory wand for 84 gold pieces
  3626 | D        | Bought a scroll of enchant armour for 157 gold pieces
  3626 | D        | Bought a scroll of enchant weapon for 157 gold pieces
  3643 | D        | Noticed Boris
  3663 | D        | Killed Boris
  3663 | D        | Reached skill level 9 in Evocations
  3663 | D        | Reached XP level 15. HP: 118/143 MP: 20/22
  3878 | D        | Noticed Nikola
  3888 | D        | Killed Nikola
  4057 | D        | Noticed a nagaraja
  4058 | D        | Noticed a nagaraja
  4067 | D        | Killed a nagaraja
  4072 | D        | Noticed a nagaraja
  4076 | D        | Killed a nagaraja
  4082 | D        | Noticed a nagaraja
  4086 | D        | Killed a nagaraja
  4110 | D        | Reached skill level 18 in Shields
  4118 | D        | Killed a nagaraja
  4118 | D        | Reached skill level 18 in Dodging
  4132 | D        | Got a serpentine rune of Zot
  4185 | D        | Reached skill level 18 in Armour
  4208 | D        | Got a decaying rune of Zot
  4237 | D        | Noticed Ilsuiw
  4297 | D        | Killed Ilsuiw
  4318 | D        | Got a barnacled rune of Zot
  4360 | D        | Noticed a ghost moth
  4397 | D        | Gained mutation: Your magical and physical power is
                  | enhanced at high health. [demonic ancestry]
  4397 | D        | Reached XP level 16. HP: 140/157 MP: 1/24
  4555 | D        | Got a gossamer rune of Zot
  4604 | D        | Noticed Frederick
  4613 | D        | Killed Frederick
  4613 | D        | Reached skill level 21 in Fighting
  4613 | D        | Reached skill level 21 in Shields
  4689 | D        | Noticed Margery
  4707 | D        | Killed Margery
  4879 | D        | Bought a pitted helmet for 294 gold pieces
  4879 | D        | Bought a runed cloak for 232 gold pieces
  4879 | D        | Bought gold dragon scales for 2480 gold pieces
  4879 | D        | Identified the +0 helmet "Woad" {rCorr Str-3 SInv} (You
                  | bought it in a shop in the Dungeon)
  5049 | D        | Noticed a sphinx
  5049 | D        | Noticed a tentacled monstrosity
  5067 | D        | Killed a sphinx
  5068 | D        | Noticed a shadow dragon
  5079 | D        | Killed a tentacled monstrosity
  5079 | D        | Reached skill level 21 in Dodging
  5093 | D        | Reached skill level 21 in Armour
  5105 | D        | Killed a shadow dragon
  5115 | D        | Noticed a shadow dragon
  5116 | D        | Reached XP level 17. HP: 170/170 MP: 25/25
  5138 | D        | HP: 30/170 [shadow dragon/bolt of negative energy (61)]
  5142 | D        | Reached skill level 24 in Shields
  5238 | D        | Noticed a lich
  5247 | D        | Noticed a quicksilver dragon
  5284 | D        | Killed a lich
  5290 | D        | Identified Xamic's Catalogue of Ashen Venom
  5352 | D        | HP: 26/172 [quicksilver dragon/bolt of dispelling energy
                  | (22)]
  5356 | D        | HP: 6/172 [quicksilver dragon/bolt of dispelling energy
                  | (40)]
  5365 | D        | HP: 29/172 [quicksilver dragon/bolt of dispelling energy
                  | (18)]
  5376 | D        | Killed a quicksilver dragon
  5384 | D        | Got a silver rune of Zot
  5386 | D        | Got a polished scale mail
  5669 | D        | Noticed Xtahua
  5692 | D        | Killed Xtahua
  5921 | D        | Got the ring of Qitiwar {Fire *Contam Str+7 Dex+5}
  5923 | D        | Got the amulet "Viwkix" {Faith Int+3}
  5925 | D        | Got the amulet of Kindness {Gourm Int+6 SInv Stlth+}
  5927 | D        | Got the ring of Miru {+Fly rN++ Slay+3}
  5932 | D        | Got the ring of the Jester {*Corrode rElec rPois Slay+5}
  5996 | D        | Gained mutation: You passively map a small area around you.
                  | [potion of mutation]
  5996 | D        | Gained mutation: You passively map the area around you.
                  | [potion of mutation]
  5997 | D        | Lost mutation: You passively map the area around you.
                  | [potion of mutation]
  5997 | D        | Lost mutation: You passively map a small area around you.
                  | [potion of mutation]
  5997 | D        | Gained mutation: Armour fits poorly on your strangely
                  | shaped body. [potion of mutation]
  5997 | D        | Gained mutation: You expend magic power (3 MP) to
                  | strengthen your wands. [potion of mutation]
  5997 | D        | Gained mutation: Your system is resistant to poisons.
                  | (rPois) [potion of mutation]
  5998 | D        | Lost mutation: Your system is resistant to poisons. (rPois)
                  | [potion of mutation]
  5998 | D        | Lost mutation: You expend magic power (3 MP) to strengthen
                  | your wands. [potion of mutation]
  5998 | D        | Gained mutation: Your mind is acute. (Int +2) [potion of
                  | mutation]
  5998 | D        | Gained mutation: Your flesh is cold resistant. (rC+)
                  | [potion of mutation]
  5999 | D        | Lost mutation: Armour fits poorly on your strangely shaped
                  | body. [potion of mutation]
  5999 | D        | Gained mutation: Your muscles are strong. (Str +2) [potion
                  | of mutation]
  5999 | D        | Gained mutation: You are robust. (+10% HP) [potion of
                  | mutation]
  6072 | D        | Noticed Mennas
  6096 | D        | Killed Mennas
  6097 | D        | Noticed Mara
  6105 | D        | Noticed Findor's illusion
  6121 | D        | Killed Mara
  6236 | D        | Reached skill level 24 in Fighting
  6305 | D        | Noticed a golden dragon
  6332 | D        | Killed a golden dragon
  6376 | D        | Reached skill level 27 in Shields
  6431 | D        | Reached XP level 18. HP: 201/201 MP: 26/26
  6480 | D        | Noticed a tentacled monstrosity
  6510 | D        | Killed a tentacled monstrosity
  6516 | D        | Reached skill level 24 in Dodging
  6528 | D        | Bought a phantom mirror for 1170 gold pieces
  6528 | D        | Bought a sedimented brown potion for 35 gold pieces
  6528 | D        | Bought a scroll of enchant weapon for 292 gold pieces
  6528 | D        | Bought a sharpened wooden wand for 156 gold pieces
  6528 | D        | Bought a wand of acid (8) for 312 gold pieces
  6539 | D        | Reached skill level 24 in Armour
  6613 | D        | Noticed a tentacled monstrosity
  6613 | D        | Noticed a tentacled monstrosity
  6626 | D        | Killed a tentacled monstrosity
  6631 | D        | Killed a tentacled monstrosity
  6855 | D        | Noticed an Orb Guardian
  6855 | D        | Noticed an Orb Guardian
  6855 | D        | Noticed an Orb Guardian
  6855 | D        | Noticed an Orb Guardian
  6855 | D        | Noticed an Orb Guardian
  6855 | D        | Noticed an Orb Guardian
  6859 | D        | Killed an Orb Guardian
  6863 | D        | Killed an Orb Guardian
  6863 | D        | Reached skill level 27 in Fighting
  6864 | D        | Noticed an Orb Guardian
  6870 | D        | Killed an Orb Guardian
  6878 | D        | Killed an Orb Guardian
  6885 | D        | Killed an Orb Guardian
  6886 | D        | Noticed an Orb Guardian
  6889 | D        | Killed an Orb Guardian
  6893 | D        | Killed an Orb Guardian
  6894 | D        | Noticed an Orb Guardian
  6898 | D        | Killed an Orb Guardian
  6905 | D        | Killed an Orb Guardian
  6907 | D        | Noticed an Orb Guardian
  6915 | D        | Killed an Orb Guardian
  6939 | D        | Noticed a golden dragon
  6939 | D        | Noticed an Orb Guardian
  6939 | D        | Noticed an Orb Guardian
  6939 | D        | Noticed a golden dragon
  6939 | D        | Noticed a curse toe
  6945 | D        | Killed a golden dragon
  6951 | D        | Killed an Orb Guardian
  6951 | D        | Killed an Orb Guardian
  6952 | D        | Killed an Orb Guardian
  6956 | D        | Killed a golden dragon
  6957 | D        | Noticed an Orb Guardian
  6957 | D        | Killed an Orb Guardian
  6969 | D        | Killed a curse toe
  6969 | D        | Gained mutation: You are mostly covered in sharp spines.
                  | [demonic ancestry]
  6969 | D        | Reached XP level 19. HP: 200/217 MP: 27/27
  6990 | D        | Noticed an ancient lich
  6994 | D        | Killed an ancient lich
  6994 | D        | Reached skill level 21 in Maces & Flails
  6997 | D        | Noticed an orb of fire
  7005 | D        | Lost mutation: Your mind is acute. (Int +2) [an orb of
                  | fire]
  7012 | D        | Gained mutation: You are covered in fur. (AC +1) [an orb of
                  | fire]
  7015 | D        | Killed an orb of fire
  7015 | D        | Reached skill level 27 in Armour
  7015 | D        | Reached skill level 27 in Dodging
  7019 | D        | Noticed an electric golem
  7027 | D        | Killed an electric golem
  7031 | D        | Noticed an ancient lich
  7031 | D        | Noticed an electric golem
  7031 | D        | Noticed a golden dragon
  7039 | D        | Killed an ancient lich
  7039 | D        | Noticed an orb of fire
  7047 | D        | Noticed a Killer Klown
  7052 | D        | Noticed a golden dragon
  7071 | D        | Gained mutation: You have a pair of small horns on your
                  | head. [an orb of fire]
  7078 | D        | Killed an orb of fire
  7078 | D        | Reached skill level 24 in Maces & Flails
  7081 | D        | Killed a Killer Klown
  7084 | D        | Noticed a Killer Klown
  7085 | D        | Killed a golden dragon
  7093 | D        | Killed a golden dragon
  7105 | D        | Noticed a curse toe
  7110 | D        | Reached skill level 27 in Maces & Flails
  7111 | D        | Noticed an electric golem
  7114 | D        | Reached skill level 1 in Stealth
  7119 | D        | Killed a Killer Klown
  7119 | D        | Reached skill level 12 in Evocations
  7127 | D        | Killed a curse toe
  7133 | D        | HP: 41/217 [electric golem/bolt of lightning (26)]
  7138 | D        | Killed an electric golem
  7148 | D        | Killed an electric golem
  7453 | D        | Lost mutation: Your muscles are strong. (Str +2) [potion of
                  | mutation]
  7453 | D        | Lost mutation: You are robust. (+10% HP) [potion of
                  | mutation]
  7453 | D        | Lost mutation: You have a pair of small horns on your head.
                  | [potion of mutation]
  7453 | D        | Gained mutation: Your flesh is heat resistant. (rF+)
                  | [potion of mutation]
  7453 | D        | Gained mutation: You have sharp fingernails. [potion of
                  | mutation]
  7488 | D        | Reached skill level 15 in Evocations
  7500 | D        | Reached skill level 12 in Stealth
  7530 | D        | Reached XP level 20. HP: 192/206 MP: 32/32
  7536 | D        | Reached skill level 15 in Stealth
  7542 | D        | Reached skill level 18 in Evocations
  7586 | D        | Got the Orb of Zot
  7936 | D        | Noticed a seraph
  7955 | D        | Killed a seraph
  7955 | D        | Reached skill level 18 in Stealth
  8009 | D        | Noticed a seraph
  8023 | D        | Killed a seraph
  8023 | D        | Reached skill level 21 in Evocations
  8280 | D        | Reached skill level 21 in Stealth
  8526 | D        | Noticed a seraph
  8544 | D        | Killed a seraph
  8544 | D        | Reached skill level 24 in Evocations
  9273 | D        | Noticed Umetteyt the pandemonium lord
  9295 | D        | HP: 36/206 [??? (22)]
  9298 | D        | Killed Umetteyt the pandemonium lord
  9298 | D        | Reached skill level 24 in Stealth
  9358 | D        | Noticed Meintil the pandemonium lord
  9378 | D        | Killed Meintil the pandemonium lord
  9384 | D        | Gained mutation: You regenerate a lot of health from kills.
                  | [demonic ancestry]
  9384 | D        | Reached XP level 21. HP: 151/214 MP: 38/38
  9495 | D        | Reached skill level 27 in Evocations
  9572 | D        | Escaped with the Orb!

Levels and vault maps discovered:
D:        linesprint [early_d, line_temple, items_1, d_10, items_2, lair_1,
          lair_end, items_3, orc_1, orc_end, items_4, d_15, swamp_1, shoals_1,
          snake_1, spider_1, d_20, vaults_1, items_5, swamp_end, shoals_end,
          snake_end, spider_end, vaults_end, d_27, items_6, zot_1, zot_end,
          crypt_end, forest_end, elf_end, slime_end, tomb_end, abyss_end,
          pan_hell_end]

Action                   |  1- 3 |  4- 6 |  7- 9 | 10-12 | 13-15 | 16-18 | 19-21 || total
-------------------------+-------+-------+-------+-------+-------+-------+-------++-------
Melee: Flail             |    34 |       |       |       |       |       |       ||    34
       Dire flail        |     5 |    14 |    62 |   218 |       |       |       ||   299
       Kick              |       |     5 |    29 |    63 |   234 |   457 |   307 ||  1095
       Morningstar       |       |       |       |    84 |   579 |   901 |   502 ||  2066
       Headbutt          |       |       |       |       |       |       |    17 ||    17
Invok: Potion Petition   |       |       |     1 |     2 |     6 |     5 |    12 ||    26
       Call Merchant     |       |       |       |       |     5 |     7 |       ||    12
Evoke: Fan of gales      |       |       |       |     1 |     1 |       |     1 ||     3
       Lightning rod     |       |       |       |       |    43 |    14 |     7 ||    64
       Wand              |       |       |       |       |     3 |       |     3 ||     6
       Phantom mirror    |       |       |       |       |       |       |     3 ||     3
  Use: Potion            |     4 |       |     1 |     3 |     1 |    11 |     1 ||    21
       Scroll            |       |       |       |       |     5 |    26 |     2 ||    33
 Stab: Invisible         |     1 |     5 |    13 |     6 |     2 |       |     4 ||    31
       Petrified         |       |       |       |     3 |       |       |       ||     3
       Distracted        |       |       |       |     5 |     6 |    16 |     4 ||    31
       Confused          |       |       |       |       |     2 |       |       ||     2
  Eat: Ration            |       |       |       |     1 |     3 |     3 |     4 ||    11
Armor: Leather armour    |     8 |       |       |       |       |       |       ||     8
       Chain mail        |     6 |     1 |    18 |    54 |       |       |       ||    79
       Scale mail        |       |       |       |    39 |   137 |    15 |       ||   191
       Gold dragon scale |       |       |       |       |       |   185 |    83 ||   268
Dodge: Dodged            |    27 |     4 |    20 |   115 |   268 |   215 |   167 ||   816
Block: Shield            |       |       |       |    31 |   286 |   392 |   317 ||  1026
       Reflection        |       |       |       |       |    17 |     6 |     7 ||    30
